 Dungeon Sprint DCSS version 0.31-a0-1-g4198be8af4 (webtiles) character file.

Game seed: 14543040700199999440

6589 fozzywoppz the Peltast (level 10, -9/105 HPs)
             Began as a Minotaur Fighter on May 1, 2023.
             Was a High Priest of Okawaru.
             Killed from afar by a deep elf pyromancer (27 damage)
             ... with a bolt of fire
             ... in the Dungeon (Sprint III: "The Ten Rune Challenge").
             The game lasted 00:06:21 (1176 turns).

fozzywoppz the Peltast (Minotaur Fighter)           Turns: 1176, Time: 00:06:21

Health: -9/105     AC: 18    Str: 22    XL:     10   Next: 71%
Magic:  15/15      EV:  7    Int:  4    God:    Okawaru [*****.]
Gold:   3552       SH:  8    Dex: 16    Spells: 9/9 levels left

rFire   . . .        a - +0 flail
rCold   . . .        c - +0 buckler
rNeg    . . .        p - +0 plate armour
rPois   .            (helmet restricted)
rElec   .            (no cloak)
rCorr   .            (no gloves)
SInv    +            (no boots)
Will    .....        (no amulet) Stlth
                     (no ring)
HPRegen 0.37/turn    (no ring)
MPRegen 0.14/turn

%: no teleportation
@: mighty, hasted, very quick
A: horns 2, retaliatory headbutt, iridescent scales 1, see invisible, agile 1,
passive freeze
a: Renounce Religion, Heroism, Finesse


You were in the Dungeon.
You worshipped Okawaru.
Okawaru was extremely pleased with you.
You visited 1 branch You collected 3552 gold pieces.

Inventory:

Hand Weapons
 a - a +0 flail (weapon)
Missiles
 b - 2 boomerangs (quivered)
Armour
 c - a +0 buckler (worn)
 p - a +0 plate armour (worn)
Wands
 k - a wand of light (3)
 n - a wand of roots (12)
Scrolls
 j - 2 scrolls of blinking
 m - a scroll of poison {unknown}
Potions
 d - a potion of might
 e - a potion of curing
 h - 2 potions of magic
 i - a potion of berserk rage
 l - a potion of mutation
 o - 2 potions of flight


   Skills:
 - Level 15.0 Fighting
 + Level 15.0 Maces & Flails
 - Level 15.0 Armour
 - Level 15.0 Shields
 + Level 8.7 Invocations


You had 9 spell levels left.
You didn't know any spells.
Your spell library contained the following spells:

 Spells                   Type           Power      Damage    Failure   Level
 Magic Dart               Conj           0%         1d3       99%         1
 Searing Ray              Conj           0%         2d4       100%        2
 Ozocubu's Armour         Ice            0%         N/A       100%        3
 Fulminant Prism          Conj/Hex       0%         3d5       100%        4
 Metabolic Englaciation   Hex/Ice        0%         N/A       100%        5
 Simulacrum               Ice/Necr       Unusable   N/A       N/A         6

Dungeon Overview and Level Annotations

Branches:
Dungeon (1/1)

Altars:
Cheibriados
Dithmenos
Elyvilon
Fedhas
Gozag
Hepliaklqana
Kikubaaqudgha
Makhleb
Nemelex Xobeh
Okawaru
Qazlal
Ru
Sif Muna
Trog
Uskayaw
Vehumet
Wu Jian
Xom
Yredelemnul
Zin
The Shining One
Jiyva
Lugonu

Shops:
D (


Innate Abilities, Weirdness & Mutations

You have a pair of horns on your head.
You reflexively headbutt those who attack you in melee.
You are partially covered in iridescent scales. (AC +2)
You have supernaturally acute eyesight. (SInv)
You are agile. (Dex +4, Str/Int -1)
A frigid envelope surrounds you and freezes all who hurt you.


Message History

You miss the deep elf pyromancer. You headbutt the deep elf pyromancer.
The deep elf pyromancer is lightly wounded.
You are covered in liquid flames!
You closely miss the deep elf pyromancer.
The deep elf pyromancer is lightly wounded.
You are covered in liquid flames!
* * * LOW HITPOINT WARNING * * *
You are no longer on fire.
You block the fire elemental's attack.
A deep elf annihilator comes into view.
It is wearing a +0 robe of poison resistance.
The deep elf pyromancer gestures at you while chanting.
The bolt of fire hits you.
* * * LOW HITPOINT WARNING * * *
You sock the deep elf pyromancer!
The deep elf pyromancer is heavily wounded.
The fire elemental hits you. The fire elemental burns you!
* * * LOW HITPOINT WARNING * * *
The fire elemental is frozen!
The fire elemental is very cold.
The fire elemental is almost destroyed.
The deep elf pyromancer casts a spell.
The deep elf pyromancer blinks!
You bludgeon the deep elf pyromancer!!
You kill the deep elf pyromancer!
Okawaru is honoured by your kill.
The fire elemental disappears in a puff of smoke!
Training target 15.0 for Shields reached!
Training target 15.0 for Armour reached!
Training target 15.0 for Fighting reached!
Your Fighting skill increases to level 15!
Your Maces & Flails skill increases to level 15!
Your Armour skill increases to level 15!
Your Shields skill increases to level 15!
There is an open door to the Elven Halls here.
You close the door.
There is an entrance to Gygafaur's Weapon Emporium here.
Okay, then.
There is an entrance to Gygafaur's Weapon Emporium here.
The deep elf pyromancer points at you and mumbles some strange words.
The bolt of fire hits you!!
You die...

▓▓▓▓▓▓▓▓▓▓▓
#########....##...#######
#___#__#.###.#....e.#...# e
#__)#)_#)...))..@##.#...##≈≈
#'###†##)))))...∩##.#...≈≈≈.
.......#))))))).#.#e#...##≈
.......#.####))..##))...#
######'#..##...##########
#__#...#'#####################
#__#...#....#.#.#.....#.....^+
#__#...##.#..#.##)###.#......#
#__#...'##.#.#.##.#.)##.^.^..#


You could see a deep elf pyromancer.

Vanquished Creatures
  Erolcha (D)
  2 orc high priests (D)
  A deep elf knight (D)
  An orc knight (D)
  A deep elf zephyrmancer (D)
  3 deep elf pyromancers (D)
  A shadow (D)
  2 redbacks (D)
  A spatial vortex (D)
  2 orc warriors (D)
  5 two-headed ogres (D)
  A water elemental (D)
  A necrophage (D)
  A jelly (D)
  4 orc priests (D)
  A wizard (D)
  Jessica (D)
  A necromancer (D)
  An orc wizard (D)
  3 humans (D)
  A kobold demonologist (D)
  A phantom (D)
  8 orcs (D)
  An endoplasm (D)
  A rat (D)
46 creatures vanquished.

Notes
Turn   | Place    | Note
-------+----------+-------------------------------------------
     0 | D        | fozzywoppz the Minotaur Fighter began the quest for the
                  | Orb.
     0 | D        | Reached XP level 1. HP: 19/19 MP: 0/0
    24 | D        | Noticed Jessica
    27 | D        | Killed Jessica
    28 | D        | Reached skill level 5 in Fighting
    28 | D        | Reached skill level 5 in Armour
    28 | D        | Reached skill level 5 in Shields
    28 | D        | Reached XP level 2. HP: 29/29 MP: 1/1
    57 | D        | Reached XP level 3. HP: 25/36 MP: 2/2
   157 | D        | Gained mutation: Potions are less effective at restoring
                  | your health. [potion of mutation]
   158 | D        | Lost mutation: Potions are less effective at restoring your
                  | health. [potion of mutation]
   158 | D        | Gained mutation: You are partially covered in iridescent
                  | scales. (AC +2) [potion of mutation]
   158 | D        | Gained mutation: You have supernaturally acute eyesight.
                  | (SInv) [potion of mutation]
   158 | D        | Gained mutation: You have hidden genetic potential. [potion
                  | of mutation]
   164 | D        | Noticed a water elemental
   173 | D        | Killed a water elemental
   174 | D        | Reached XP level 4. HP: 26/45 MP: 3/3
   184 | D        | Gained mutation: A frigid envelope surrounds you and
                  | freezes all who hurt you. [hidden potential]
   245 | D        | Found a radiant altar of Vehumet.
   245 | D        | Found a shimmering blue altar of Sif Muna.
   245 | D        | Found an ancient bone altar of Kikubaaqudgha.
   245 | D        | Noticed a wizard
   247 | D        | Killed a wizard
   248 | D        | Reached XP level 5. HP: 52/52 MP: 4/4
   251 | D        | Noticed a soul eater
   266 | D        | Found a glowing silver altar of Zin.
   266 | D        | Found a glowing golden altar of the Shining One.
   266 | D        | Found a white marble altar of Elyvilon.
   266 | D        | Noticed a deep elf pyromancer
   269 | D        | Killed a deep elf pyromancer
   270 | D        | Reached skill level 10 in Armour
   270 | D        | Reached skill level 10 in Shields
   270 | D        | Reached XP level 6. HP: 66/66 MP: 5/5
   270 | D        | Reached XP level 7. HP: 71/71 MP: 6/6
   270 | D        | Found a hide-covered altar of Uskayaw.
   270 | D        | Found an iron altar of Okawaru.
   270 | D        | Found a bloodstained altar of Trog.
   270 | D        | Found an ornate altar of the Wu Jian Council.
   270 | D        | Noticed a human
   270 | D        | Noticed a human
   273 | D        | Killed a human
   274 | D        | Reached skill level 10 in Fighting
   274 | D        | Reached skill level 10 in Maces & Flails
   277 | D        | Killed a human
   284 | D        | Gained mutation: You are agile. (Dex +4, Str/Int -1)
                  | [hidden potential]
   284 | D        | Lost mutation: You have hidden genetic potential. [hidden
                  | potential expressed]
   295 | D        | Became a worshipper of Warmaster Okawaru
   301 | D        | Found a basalt altar of Yredelemnul.
   301 | D        | Found a shadowy altar of Dithmenos.
   301 | D        | Found a sacrificial altar of Ru.
   315 | D        | Noticed a shadow
   317 | D        | Killed a shadow
   318 | D        | Reached XP level 8. HP: 80/82 MP: 7/7
   324 | D        | Found a blossoming altar of Fedhas.
   324 | D        | Found a stormy altar of Qazlal.
   325 | D        | Found a snail-covered altar of Cheibriados.
   325 | D        | Found a burning altar of Makhleb.
   325 | D        | Found a hazy altar of Hepliaklqana.
   325 | D        | Found a shimmering altar of Xom.
   325 | D        | Found an opulent altar of Gozag.
   325 | D        | Found a sparkling altar of Nemelex Xobeh.
   325 | D        | Found a corrupted altar of Lugonu.
   325 | D        | Found a viscous altar of Jiyva.
   358 | D        | Reached skill level 1 in Invocations
   366 | D        | Reached * piety under Okawaru
   554 | D        | Noticed a two-headed ogre
   563 | D        | Killed a two-headed ogre
   663 | D        | Noticed a two-headed ogre
   663 | D        | Noticed Erolcha
   670 | D        | Killed Erolcha
   670 | D        | Reached ** piety under Okawaru
   671 | D        | Reached XP level 9. HP: 54/92 MP: 9/11
   682 | D        | Killed a two-headed ogre
   683 | D        | Reached skill level 5 in Invocations
   929 | D        | Noticed an orc high priest
   930 | D        | Noticed an orc high priest
   930 | D        | Noticed an orc knight
   932 | D        | Reached *** piety under Okawaru
   932 | D        | Killed an orc knight
   932 | D        | Killed an orc high priest
   932 | D        | Reached **** piety under Okawaru
   933 | D        | Reached XP level 10. HP: 36/103 MP: 12/14
   933 | D        | Killed an orc high priest
   953 | D        | Found Gygafaur's Weapon Emporium.
  1123 | D        | Noticed a deep elf pyromancer
  1123 | D        | Noticed a deep elf knight
  1123 | D        | Noticed a deep elf pyromancer
  1123 | D        | Noticed a deep elf pyromancer
  1123 | D        | Noticed a deep elf zephyrmancer
  1135 | D        | Killed a deep elf zephyrmancer
  1141 | D        | Killed a deep elf pyromancer
  1141 | D        | Reached ***** piety under Okawaru
  1152 | D        | Killed a deep elf knight
  1162 | D        | Noticed a deep elf annihilator
  1165 | D        | Killed a deep elf pyromancer
  1166 | D        | Reached skill level 15 in Fighting
  1166 | D        | Reached skill level 15 in Maces & Flails
  1166 | D        | Reached skill level 15 in Armour
  1166 | D        | Reached skill level 15 in Shields
  1176 | D        | Killed from afar by a deep elf pyromancer

Illustrated notes

Levels and vault maps discovered:
D:        dungeon_sprint_mu [sprint_mu_entry_cave, sprint_mu_temple_rooms,
          sprint_mu_d1_spiders, sprint_mu_d2_genie, sprint_mu_d3_branching,
          sprint_mu_orc_legion, sprint_mu_elf_gauntlet, sprint_mu_hive_nellie,
          sprint_mu_lair_fedhas, sprint_mu_vaults_butterflies,
          sprint_mu_slime_circle, sprint_mu_swamp_cave, sprint_mu_snake_twists,
          sprint_mu_blade_basic, sprint_mu_crypt_lich, sprint_mu_tomb_spiral,
          sprint_mu_vestibule_basic, sprint_mu_gehenna_hellfire,
          sprint_mu_dis_giant, sprint_mu_tartarus_statrot,
          sprint_mu_cocytus_islands, sprint_mu_zot1]

Skill      XL: |  1  2  3  4  5  6  7  8  9 10 |
---------------+-------------------------------+-----
Fighting       | 5 6 7 9 11 12 14 15 | 15.0
Maces & Flails | 4 6 9 10 12 13 15 | 15.0
Armour         | 5 6 7 10 11 12 14 15 | 15.0
Shields        | 5 6 7 10 11 12 14 15 | 15.0
Invocations    | 4 6 8 |  8.7

Action                     |  1- 3 |  4- 6 |  7- 9 | 10-12 || total
---------------------------+-------+-------+-------+-------++-------
  Melee: Flail             |    27 |     9 |    63 |    31 ||   130
         Headbutt          |     7 |     1 |    14 |     6 ||    28
  Evoke: Wand              |       |       |     1 |       ||     1
    Use: Potion            |     2 |     1 |     2 |     3 ||     8
         Scroll            |     2 |       |     1 |       ||     3
 Armour: Scale mail        |     8 |     3 |    11 |       ||    22
         Plate armour      |       |       |       |    12 ||    12
  Dodge: Dodged            |     9 |       |    22 |     5 ||    36
  Block: Buckler           |     3 |     1 |    16 |    10 ||    30

Table legend: (Time is in decaauts)
 A = Elapsed time spent in this place.
 B = Non-inter-level travel time spent in this place.
 C = Inter-level travel time spent in this place.
 D = Time resting spent in this place.
 E = Time spent auto-exploring this place.
 F = Levels seen in this place.
 G = Mean time per level.
                   A        B        C        D        E       F      G
               +--------+--------+--------+--------+--------+-----+--------+
         Total |   1164 |   1164 |      0 |    634 |     63 |   1 | 1164.0 |
       Dungeon |   1164 |   1164 |      0 |    634 |     63 |   1 | 1164.0 |
               +--------+--------+--------+--------+--------+-----+--------+

Top non-repeatable levels by time:
       D: 1164 daAuts
